 Dungeon Crawl Stone Soup version 0.28.0-45-g0d030f2227 (console) character file.

Game seed: 4605033389727151855

1581 Zeor the Spear-Bearer (level 8, -1/48 HPs)
             Began as a Tengu Monk on Apr 4, 2022.
             Slain by a black bear (8 damage)
             ... on level 5 of the Dungeon.
             The game lasted 00:11:08 (5553 turns).

Zeor the Spear-Bearer (Tengu Monk)                  Turns: 5553, Time: 00:11:08

Health: -1/48      AC:  9    Str: 13    XL:     8   Next: 91%
Magic:  9/9        EV: 17    Int: 10    God:
Gold:   238        SH:  0    Dex: 24    Spells: 7/7 levels left

rFire   . . .      SeeInvis .   a - +3 quarterstaff (chaos)
rCold   . . .      Faith    .   (shield currently unavailable)
rNeg    . . .      Spirit   .   f - +0 ring mail
rPois   .          Reflect  .   (helmet restricted)
rElec   .          Harm     .   z - +0 cloak
rCorr   .          Rampage  .   d - +1 pair of gloves
Will    +....                   (boots unavailable)
Stlth   ++........              (no amulet)
HPRegen 0.16/turn               w - ring of willpower
MPRegen 0.11/turn               k - +6 ring of dexterity

@: flying quickly and evasively, quick
A: beak, talons 3, nimble flight
a: no special abilities


You were on level 5 of the Dungeon.
You visited 1 branch of the dungeon, and saw 5 of its levels.

You collected 238 gold pieces.

Inventory:

Hand Weapons
 a - a +3 quarterstaff of chaos (weapon)
 c - a +2 flail of holy wrath
 j - a +0 scimitar
 r - a +2 hunting sling of freezing
 t - a +0 trident
 u - a +0 spear of flaming
 x - the +9 short sword of the Leaping Visionary {freeze, rN+ SInv}
   (You found it on level 5 of the Dungeon)

   It freezes those it strikes, dealing additional cold damage.
   It can also slow down cold-blooded creatures.
   rN:        It protects you from negative energy.
   SInv:      It lets you see invisible.
Missiles
 e - 48 bolts
 l - 46 arrows
 n - 8 boomerangs
 s - 20 sling bullets
 v - 2 javelins (quivered)
Armour
 d - a +1 pair of gloves (worn)
 f - a +0 ring mail (worn)
 z - a +0 cloak (worn)
Jewellery
 g - a ring of resist corrosion
 k - a +6 ring of dexterity (right hand)
 o - a ring of fire
 w - a ring of willpower (left hand)
Wands
 i - a wand of polymorph (7)
 m - a wand of digging (9)
Scrolls
 h - a scroll of magic mapping
 p - a scroll of holy word
 q - a scroll of teleportation
 y - 3 scrolls of enchant weapon
Potions
 b - 2 potions of curing


   Skills:
 * Level 4.6 Fighting
 + Level 8.7 Polearms
 + Level 4.8 Armour
 * Level 5.8 Dodging
 + Level 4.0 Stealth


You had 7 spell levels left.
You didn't know any spells.
Your spell library contained the following spells:

 Spells                   Type           Power      Damage    Failure   Level
 Animate Skeleton         Necr           0%         N/A       58%         1
 Apportation              Tloc           0%         N/A       58%         1
 Summon Small Mammal      Summ           0%         N/A       58%         1
 Corpse Rot               Necr/Air       0%         N/A       75%         2
 Poisonous Vapours        Pois/Air       0%         N/A       75%         2
 Sublimation of Blood     Necr           0%         N/A       75%         2
 Call Canine Familiar     Summ           0%         N/A       92%         3
 Portal Projectile        Hex/Tloc       0%         N/A       92%         3
 Blade Hands              Tmut           0%         N/A       100%        5
 Excruciating Wounds      Necr           0%         N/A       100%        5
 Monstrous Menagerie      Summ           0%         N/A       100%        7


Dungeon Overview and Level Annotations

Branches:
Dungeon (5/15)
 Temple: D:4-7

Altars:
Ashenzari
Fedhas
Yredelemnul
The Shining One

Shops:
D:4 *

Annotations:
D:3 Grinder
D:4 1 runed translucent door
D:5 exclusion: 2 doors


Innate Abilities, Weirdness & Mutations

You have a beak for a mouth.
You have claws for feet.
Your magical nature lets you fly swiftly and evasively.


Message History

The javelin completely misses the orc.
You hit the black bear.
The black bear flickers and vanishes!
Deactivating autopickup; reactivate with Ctrl-A.
Your kick misses something. You peck something.
Something bites you but does no damage. Something claws you but does no damage.
Something claws you.
Throw: 3 javelins
Press: ? - help, Q - select action, (/) - cycle Shift-Dir - straight line, f - orc priest
Aim: an orc priest, wielding a +0 hand axe (66% to hit)
You throw a javelin.
The javelin pierces through the orc priest.
The orc priest is moderately wounded.
Something bites you.
Something claws you but does no damage. x2
Something barely misses you.
Something claws you but does no damage. x2
You hit something.
Nothing appears to happen.
You claw something. You miss something. You claw something. You peck something.
Something bites you but does no damage. Something claws you but does no damage.
Something barely misses you. Something bites you.
Something claws you but does no damage. Something barely misses you.
You hit something. You claw something. Something bites you!
Something claws you. Something claws you but does no damage.
You closely miss the orc priest. You claw the orc priest!
The orc priest is severely wounded.
Something bites you but does no damage. Something claws you. x2
Something closely misses you. Something barely misses you. Something claws you.
You hit the orc priest.
You kill the orc priest!
Something bites you.
* * * LOW HITPOINT WARNING * * *
Something claws you.
* * * LOW HITPOINT WARNING * * *
Something claws you but does no damage. Something bites you but does no damage.
Something closely misses you. Something claws you.
* * * LOW HITPOINT WARNING * * *
Something bites you but does no damage. Something barely misses you.
Something claws you but does no damage. The orc hits you but does no damage.
Something bites you!
You die...

▒∙∙∙∙▒▒▒∙∙[∙∙∙∙∙∙▒∙∙▒
▒∙∙∙∙▒ ▒∙∙▒∙▒▒▒▒▒∙∙>▒
♣∙∙∙∙♣ ▒∙∙▒∙∙∙∙∙▒▒▒∙▒
♣♣PP∙♣ ▒▒▒▒∙∙∙∙∙▒ ▒∙▒
♣♣∙♣♣ ▒∙∙∙∙∙▒ ▒∙▒
♣♣∙♣ ▒▒▒▒∙[∙∙∙▒ ▒∙▒
♣∙♣♣ ▒∙∙▒∙∙∙∙∙▒ ▒∙▒
♣♣∙♣ ▒∙∙▒∙∙∙∙∙▒ ▒∙▒
♣∙♣♣ ▒Q∙▒∙∙∙∙∙▒▒▒∙▒
▒▒'▒▒ ▒∙o▒▒▒▒▒▒▒∙∙∙▒
▒∙†∙▒ ▒o∙∙∙∙∙∙∙∙∙∙∙▒
▒∙∙∙▒ ▒∙∙∙∙∙∙∙∙▒▒▒∙▒
▒)∙∙▒ ▒∙▒)∙∙∙∙∙▒ ▒∙▒
▒▒▒▒▒ ▒∙∙∙∙∙∙∙∙▒ ▒▒▒
▒▒▒∙∙(▒▒∙▒ ▒∙∙∙▒▒∙▒
▒∙∙∙∙∙∙∙∙∙


You could see 2 orcs.

Vanquished Creatures
  Pikel (D:4)
  Edmund (D:5)
  A sky beast (D:5)
  An ice beast (D:5)
  An ogre (D:4)
  A necrophage (D:5)
  A phantom (D:5)
  Blork the orc (D:5)
  A scorpion (D:5)
  A howler monkey (D:4)
  A bullfrog zombie (D:5)
  A jelly (D:4)
  An orc priest (D:5)
  Crazy Yiuf (D:5)
  4 hounds
  Terence (D:3)
  2 iguanas
  An orc wizard (D:5)
  3 adders
  A white imp (D:5)
  An ufetubus (D:5)
  A worm (D:2)
  A dart slug (D:1)
  7 orcs
  4 endoplasms
  A giant cockroach (D:4)
  10 goblins
  2 hobgoblins (D:2)
  2 jackals (D:1)
  2 kobolds
  2 quokkas
  5 ball pythons
  4 bats
  3 frilled lizards
  2 rats
73 creatures vanquished.

Notes
Turn   | Place    | Note
-------+----------+-------------------------------------------
     0 | D:1      | Zeor the Tengu Monk began the quest for the Orb.
     0 | D:1      | Reached XP level 1. HP: 14/14 MP: 2/2
   103 | D:1      | Reached XP level 2. HP: 17/19 MP: 3/3
   728 | D:2      | Got the Catalogue of Summoning and Black Secrets
   988 | D:2      | Reached XP level 3. HP: 23/23 MP: 4/4
  1412 | D:2      | Reached skill level 4 in Polearms
  1876 | D:3      | Found a blossoming altar of Fedhas.
  1884 | D:3      | Found a faded altar of an unknown god.
  2318 | D:3      | Noticed Grinder
  2408 | D:3      | Noticed Terence
  2422 | D:3      | Killed Terence
  2423 | D:3      | Reached XP level 4. HP: 3/28 MP: 5/5
  3157 | D:4      | Reached skill level 1 in Armour
  3231 | D:4      | Noticed a lemure
  3232 | D:4      | Noticed a lemure
  3251 | D:4      | Noticed Pikel
  3253 | D:4      | Noticed a lemure
  3253 | D:4      | Noticed a lemure
  3256 | D:4      | Gained mutation: Your magical nature lets you fly swiftly
                  | and evasively. [Tengu growth]
  3256 | D:4      | Reached XP level 5. HP: 31/32 MP: 6/6
  3258 | D:4      | Reached skill level 5 in Polearms
  3263 | D:4      | Killed Pikel
  3264 | D:4      | Reached skill level 6 in Polearms
  3264 | D:4      | Reached XP level 6. HP: 12/38 MP: 7/7
  3264 | D:4      | Reached XP level 7. HP: 14/42 MP: 8/8
  3466 | D:4      | Noticed a human
  3467 | D:4      | Found a runed translucent door.
  3569 | D:4      | Found a basalt altar of Yredelemnul.
  3664 | D:4      | Reached skill level 5 in Dodging
  3733 | D:4      | Found Gugesiont's Elemental Accessories.
  3928 | D:4      | Reached skill level 7 in Polearms
  4162 | D:4      | Found a glowing golden altar of the Shining One.
  4380 | D:4      | Found a broken altar of Ashenzari.
  4457 | D:5      | Entered Level 5 of the Dungeon
  4457 | D:5      | Noticed Blork the orc
  4468 | D:5      | Killed Blork the orc
  4469 | D:5      | Reached XP level 8. HP: 43/48 MP: 9/9
  4808 | D:5      | Identified the +9 short sword of the Leaping Visionary
                  | {freeze, rN+ SInv}
  4885 | D:5      | Noticed Edmund
  4889 | D:5      | Noticed a yak
  4905 | D:5      | Reached skill level 8 in Polearms
  4943 | D:5      | Killed Edmund
  5334 | D:5      | Found a runed translucent door.
  5335 | D:5      | Noticed Crazy Yiuf
  5347 | D:5      | Killed Crazy Yiuf
  5553 | D:5      | Slain by a black bear

Illustrated notes

Levels and vault maps discovered:
D:1:      lightli_arrival_lavapool, layout_loops_ring
D:2:      layout_basic
D:3:      layout_loops_corners, mainiacjoe_overflow_brackets,
          hellmonk_ecumenical_altar_lost_god, amethyst_killhole, uniq_terence,
          uniq_grinder
D:4:      layout_loops_ring, dk_yredelemnul_ordeal, mainiacjoe_overflow_swirl,
          nicolae_elemental_shop, minivault_23, minmay_ogre_servants,
          uniq_robin, uniq_pikel
D:5:      layout_basic, minmay_crystal_room, kennysheep_generic_room_6,
          uniq_edmund, uniq_crazy_yiuf_cottage, uniq_blork_the_orc

Skill      XL: |  1  2  3  4  5  6  7  8 |
---------------+-------------------------+-----
Polearms       | 4 6 7 8 |  8.7
Dodging        | 4 5 |  5.8
Armour         | 1 3 4 |  4.8
Stealth        | 3 4 |  4.0
Fighting       | 4 |  4.6

Action                   |  1- 3 |  4- 6 |  7- 9 || total
-------------------------+-------+-------+-------++-------
Melee: Spear             |    96 |    36 |   193 ||   325
       Peck              |     5 |     9 |    49 ||    63
       Kick              |    10 |     9 |    69 ||    88
       Punch             |       |     1 |     3 ||     4
       Quarterstaff      |       |       |     6 ||     6
Throw: Javelin           |       |       |     2 ||     2
  Use: Scroll            |     7 |     1 |     3 ||    11
       Potion            |     1 |     2 |       ||     3
 Stab: Sleeping          |    14 |       |     5 ||    19
Armor: Robe              |     3 |       |       ||     3
       Ring mail         |    10 |    10 |    44 ||    64
Dodge: Dodged            |    28 |    24 |    89 ||   141
